 Dungeon Sprint DCSS version 0.15-a0-1224-g3833f9c (webtiles) character file.

5 Infinimo the Cleaver (level 4, -7/34 HPs)
             Began as a Demonspawn Gladiator on June 1, 2014.
             Was a Follower of Makhleb.
             Mangled by a goliath beetle (26 damage)
             ... in the Dungeon (Sprint VI: "Thunderdome").
             The game lasted 00:02:30 (220 turns).

Infinimo the Cleaver (Demonspawn Gladiator)          Turns: 220, Time: 00:02:30

HP  -7/34        AC  9     Str 13      XL: 4   Next: 70%
MP   4/4         EV  7     Int 12      God: Makhleb [*.....]
Gold 30          SH  0     Dex 15      Spells:  0 memorised,  3 levels left

rFire  . . .     SeeInvis .     a - +0 war axe
rCold  + + .     Clarity  .     w - +2 scale mail {rPois}
rNeg   . . .     rCorr    .     (no shield)
rPois  +         rRot     .     (helmet restricted)
rElec  .         Spirit   .     u - +0 cloak
SustAb .         Warding  .     (no gloves)
rMut   .         NoTele   +     (no boots)
Gourm  .                        (no amulet)
MR     .....                    q - cursed ring of Ytiyhuicw {rC+ Str-2 Stlth++}
                                r - ring "Jol Oghe" {-Tele rC+ Int+3 Acc+6 Dam+2}

@: not resistant to hostile enchantments, unstealthy
A: antennae 1, demonic guardian 1
a: Renounce Religion


You were in the Dungeon.
You worshipped Makhleb.
Makhleb was aware of your devotion.
You were not hungry.

You visited 1 branch You collected 210 gold pieces.
You spent 180 gold pieces at shops.

Inventory:

Hand weapons
 a - a +0,+0 war axe (weapon)
Missiles
 d - 3 throwing nets (quivered)
Armour
 b - a +0 leather armour
 c - a +0 helmet
 u - a +0 cloak (worn)
 w - a +2 scale mail of poison resistance (worn)
Magical devices
 n - a wand of cold (0)
 o - a wand of fire (5)
Comestibles
 f - a bread ration
 t - 3 chunks of gnoll flesh
 v - 4 chunks of gnoll flesh
Scrolls
 k - 4 scrolls of blinking
 m - 3 scrolls of fog
Jewellery
 p - the ring "Weott" {Str-1 Int+3 SInv}
   (You bought it in a shop in the Dungeon)

   [ring of see invisible]

   It affects your strength (-1).
   It affects your intelligence (+3).
   It enhances your eyesight.
 q - the cursed ring of Ytiyhuicw (right hand) {rC+ Str-2 Stlth++}
   (You bought it in a shop in the Dungeon)

   [ring of strength]

   It affects your strength (-2).
   It protects you from cold.
   It makes you much more stealthy.
   It has a curse placed upon it.
 r - the ring "Jol Oghe" (left hand) {-Tele rC+ Int+3 Acc+6 Dam+2}
   (You bought it in a shop in the Dungeon)

   [ring of protection from cold]

   It affects your intelligence (+3).
   It affects your accuracy with ranged weapons and melee attacks (+6).
   It affects your damage with ranged weapons and melee attacks (+2).
   It protects you from cold.
   It prevents most forms of teleportation.
 s - the ring of Cuqipi Fixe {SustAb Str-5}
   (You bought it in a shop in the Dungeon)

   [ring of sustain abilities]

   It sustains your strength, intelligence and dexterity.
   It affects your strength (-5).
Potions
 e - a potion of curing
 g - 3 potions of heal wounds
 h - 4 potions of haste
 i - 2 potions of magic
 j - a potion of berserk rage
 l - a potion of resistance


   Skills:
 - Level 2.8 Fighting
 + Level 8.4 Axes
 - Level 2.5 Throwing
 - Level 3.3 Dodging


You had 3 spell levels left.
You didn't know any spells.

Dungeon Overview and Level Annotations

Branches:
Dungeon (1/1)

Altars:
Cheibriados
Dithmenos
Elyvilon
Fedhas
Gozag
Kikubaaqudgha
Makhleb
Sif Muna
Trog
Yredelemnul
Zin
The Shining One
Jiyva

Shops:
D *[%??*?:(


Innate Abilities, Weirdness & Mutations

You have a pair of small antennae on your head.
A weak demonic guardian rushes to your aid.


Message History

Your ufetubus hits the goliath beetle. x2
Your ufetubus hits the goliath beetle but does no damage. x2
Your ufetubus hits the goliath beetle but does no damage. x4
Your ufetubus hits the goliath beetle but does no damage.
Your ufetubus hits the goliath beetle but does no damage. x2
The goliath beetle is heavily wounded.
Your ufetubus hits the goliath beetle but does no damage.
Your ufetubus hits the goliath beetle.
The goliath beetle is severely wounded.
Your ufetubus hits the goliath beetle but does no damage. x4
The goliath beetle bites your ufetubus!!
Your ufetubus dies!
The goliath beetle is severely wounded.
The goliath beetle is severely wounded.
The goliath beetle bites you!
The goliath beetle is severely wounded.
The goliath beetle is severely wounded.
The goliath beetle bites you!!
Ouch! That really hurt!
You die...

##⌠⌠⌠## #.....#
##.....## ##∩.....∩##
#∩.......∩# #........_#
#........_# #_......._#
###..B@.....##
#⌠...........⌠#
######.8.........8.#
##∩___......###......
###∩.)......8.# .8...
##.............###......
#⌠..........###...###
#⌠......)...# #.<.#
#⌠..........###...#


You could see a goliath beetle.

Vanquished Creatures
  A gnoll sergeant (D)
  Crazy Yiuf (D)
  2 gnolls (D)
  A giant mite (D)
5 creatures vanquished.

Vanquished Creatures (others)
  A white imp (D)
  An ufetubus (D)
2 creatures vanquished.

Grand Total: 7 creatures vanquished

Notes
Turn   | Place    | Note
--------------------------------------------------------------
     0 | D        | Infinimo, the Demonspawn Gladiator, began the quest for the Orb.
     0 | D        | Reached XP level 1. HP: 16/16 MP: 1/1
     5 | D        | Round 1.
     6 | D        | Found a burning altar of Makhleb.
     6 | D        | Found an ancient bone altar of Kikubaaqudgha.
     7 | D        | Found a snail-covered altar of Cheibriados.
     8 | D        | Found a glowing silver altar of Zin.
     9 | D        | Found Planluum's Jewellery.
     9 | D        | Found Poan's Bee Food.
     9 | D        | Found a basalt altar of Yredelemnul.
     9 | D        | Found a viscous altar of Jiyva.
    10 | D        | Found a white marble altar of Elyvilon.
    12 | D        | Found Twon's Advanced Armour.
    12 | D        | Found Qybicz Tacva's Identification Station.
    14 | D        | Became a worshipper of Makhleb the Destroyer
    15 | D        | Reached skill level 3 in Axes
    15 | D        | Gained mutation: A weak demonic guardian rushes to your aid. [demonic ancestry]
    15 | D        | Reached XP level 2. HP: 21/23 MP: 2/2
    20 | D        | Bought an ancient steel ring for 45 gold pieces
    20 | D        | Bought a smoking pewter ring for 45 gold pieces
    20 | D        | Bought a slimy silver ring for 45 gold pieces
    20 | D        | Bought a glittering granite ring for 45 gold pieces
    22 | D        | Identified the ring "Weott" {Str-1 Int+3 SInv} (You bought it in a shop in the Dungeon)
    23 | D        | Identified the cursed ring of Ytiyhuicw {rC+ Str-2 Stlth++} (You bought it in a shop in the Dungeon)
    25 | D        | Identified the ring "Jol Oghe" {-Tele rC+ Int+3 Acc+6 Dam+2} (You bought it in a shop in the Dungeon)
    27 | D        | Identified the ring of Cuqipi Fixe {SustAb Str-5} (You bought it in a shop in the Dungeon)
    37 | D        | Noticed Crazy Yiuf
    39 | D        | Found an opulent altar of Gozag.
    45 | D        | Killed Crazy Yiuf
    45 | D        | Reached skill level 5 in Axes
    45 | D        | Gained mutation: You have a pair of small antennae on your head. [demonic ancestry]
    45 | D        | Reached XP level 3. HP: 10/28 MP: 3/3
    89 | D        | Noticed a gnoll sergeant
    90 | D        | Acquired Makhleb's first power
   103 | D        | Found a shadowy altar of Dithmenos.
   104 | D        | Found a glowing golden altar of the Shining One.
   106 | D        | Found Sosebra's Premium Goods.
   107 | D        | HP: 1/28 [gnoll sergeant/trident of flaming (3)]
   110 | D        | Killed a gnoll sergeant
   110 | D        | Reached skill level 8 in Axes
   110 | D        | Reached XP level 4. HP: 14/34 MP: 4/4
   128 | D        | Arena points: 5 (+5) [x1]
   143 | D        | Round 2.
   154 | D        | Found Doreirgh's Magic Scroll Shop.
   155 | D        | Found Bragho's Magic Scroll Shop.
   156 | D        | Found a bloodstained altar of Trog.
   156 | D        | Found a deep blue altar of Sif Muna.
   157 | D        | Found a blossoming altar of Fedhas.
   157 | D        | Found Capiutz's Staff Store.
   157 | D        | Found Ahik's Must-Have Magic.
   220 | D        | Mangled by a goliath beetle

Action                   |  1- 3 |  4- 6 || total
-------------------------+-------+-------++-------
Melee: War axe           |     7 |     8 ||    15
Evoke: Wand              |     4 |     1 ||     5
  Use: Potion            |     1 |       ||     1
